 Dungeon Crawl Stone Soup version 0.29-a0-504-gec6baf379c (webtiles) character file.

Game seed: 6347671021350703743

72 Morbidden the Sneak (level 4, -13/24 HPs)
             Began as a Vampire Enchanter on May 28, 2022.
             Mangled by an ogre
             ... wielding a +0 giant club
              (35 damage)
             ... on level 4 of the Dungeon.
             The game lasted 00:01:14 (1341 turns).

Morbidden the Sneak (Vampire Enchanter)             Turns: 1341, Time: 00:01:14

Health: -13/24     AC:  6    Str: 11    XL:     4   Next: 7%
Magic:  1/7        EV: 13    Int: 23    God:
Gold:   75         SH:  0    Dex: 18    Spells: 5/7 levels left

rFire   . . .      SeeInvis +   a - +1 dagger
rCold   + + .      Faith    .   (no shield)
rNeg    + + +      Spirit   .   j - +4 robe of Augmentation {Str+4 Int+4 Dex+4}
rPois   ∞          Reflect  .   (no helmet)
rElec   .          Harm     .   (no cloak)
rCorr   .          Rampage  .   (no gloves)
Will    .....                   (no boots)
Stlth   +++++.....              f - amulet of magic regeneration
HPRegen 0.00/turn               d - ring of poison resistance
MPRegen 0.50/turn               (no ring)

@: very slightly contaminated, bloodless, inhibited regen
A: bloodless, fangs 3, see invisible, vampiric 2
a: Bat Form, Revivify


You were on level 4 of the Dungeon.
You visited 1 branch of the dungeon, and saw 3 of its levels.

You collected 75 gold pieces.

Inventory:

Hand Weapons
 a - a +1 dagger (weapon)
Armour
 j - the +4 robe of Augmentation (worn) {Str+4 Int+4 Dex+4}
   (You found it on level 4 of the Dungeon)

   Str:       It affects your strength (+4).
   Int:       It affects your intelligence (+4).
   Dex:       It affects your dexterity (+4).
Jewellery
 d - a ring of poison resistance (left hand)
 f - an amulet of magic regeneration (around neck)
Scrolls
 e - 3 scrolls of identify {unknown}
 i - 2 scrolls of amnesia {unknown}
Potions
 c - 2 potions of invisibility
 g - 3 potions of mutation {unknown}
 h - a potion of berserk rage {unknown}


   Skills:
 * Level 0.9 Fighting
 * Level 1.7 Short Blades
 * Level 2.5 Dodging
 + Level 5.3 Stealth
 * Level 2.3 Spellcasting
 * Level 5.1 Hexes
 * Level 0.9 Ice Magic


You had 5 spell levels left.
You knew the following spells:

 Your Spells              Type           Power      Damage    Failure   Level
a - Ensorcelled Hibernat  Hex/Ice        32%        N/A       5%          2

Your spell library contained the following spells:

 Spells                   Type           Power      Damage    Failure   Level
 Confusing Touch          Hex            26%        N/A       4%          3
 Tukima's Dance           Hex            26%        N/A       4%          3
 Summon Small Mammal      Summ           8%         N/A       13%         1
 Dazzling Flash           Conj/Hex       28%        N/A       13%         3
 Inner Flame              Hex/Fire       14%        N/A       13%         3
 Haunt                    Necr/Summ      1%         N/A       100%        7
 Fire Storm               Conj/Fire      1%         7d1       100%        9


Dungeon Overview and Level Annotations

Branches:
Dungeon (2/15)

Altars:


Innate Abilities, Weirdness & Mutations

You do not regenerate when monsters are visible.
You are frail without blood (-20% HP).
You can heal yourself when you bite living creatures.
You are immune to poison.
You have razor-sharp teeth.
You have supernaturally acute eyesight. (SInv)
You are afflicted with vampirism and can become a bat while bloodless.


Message History

Unknown command.
Unknown command.
Casting: Ensorcelled Hibernation (safe; 5% risk of failure)
Confirm with . or Enter, or press ? or * to list all spells.
Aiming: Ensorcelled Hibernation (safe; 5% risk of failure)
Press: ? - help, Shift-Dir - straight line, f/p - adder
Aim: an adder (moderately wounded, chance to affect: 58%)
The adder looks drowsy...
Unknown command.
Unknown command.
The helpless adder fails to defend itself.
You bite the adder, and draw its blood! You impale the adder!!
You kill the adder!
You have reached level 4!
Casting: Ensorcelled Hibernation (safe; 5% risk of failure)
Confirm with . or Enter, or press ? or * to list all spells.
Aiming: Ensorcelled Hibernation (safe; 5% risk of failure)
Press: ? - help, Shift-Dir - straight line, f - ogre
Aim: an ogre, wielding a +0 giant club (chance to affect: 50%)
The ogre resists with some effort.
The ogre hits you with a +0 giant club.
Unknown command.
Unknown command.
You hit the ogre. You bite the ogre.
You draw the ogre's blood!
You feel better.
The ogre is moderately wounded.
The ogre closely misses you.
Unknown command.
Casting: Ensorcelled Hibernation (safe; 5% risk of failure)
Confirm with . or Enter, or press ? or * to list all spells.
Aiming: Ensorcelled Hibernation (safe; 5% risk of failure)
Press: ? - help, Shift-Dir - straight line, f/p - ogre
Aim: an ogre, wielding a +0 giant club (moderately wounded, chance to affect: 50%)
The ogre resists with some effort.
Unknown command.
Unknown command.
You hit the ogre.
The ogre is moderately wounded.
The ogre hits you with a +0 giant club!!
Ouch! That really hurt!
You die...

... ..####
... ......
... ... .####
#.# #.. #..
#(# ## #.#
#.# #. #O#
#.# #. #@#
#.# #. #.#
#.# #(
#.#######.###
#.
#.........).#
##
######.##.#.#
##..
#.##.#.###.#
#.##.......#
#.####.###.##
#.# #.# ##..


You could see an ogre.

Vanquished Creatures
  A jelly (D:4)
  2 adders
  2 bats (D:1)
  4 endoplasms
  2 goblins (D:1)
  6 hobgoblins
  3 kobolds
  A rat (D:1)
21 creatures vanquished.

Notes
Turn   | Place    | Note
-------+----------+-------------------------------------------
     0 | D:1      | Morbidden the Vampire Enchanter began the quest for the
                  | Orb.
     0 | D:1      | Reached XP level 1. HP: 13/13 MP: 3/3
   433 | D:1      | Reached XP level 2. HP: 15/15 MP: 5/5
   481 | D:1      | Got the Reference Book on the Entourage and Ignition
   817 | D:2      | Learned a level 2 spell: Ensorcelled Hibernation
  1212 | D:2      | You fall into a shaft and drop 2 floors!
  1219 | D:4      | Gained mutation: You are afflicted with vampirism and can
                  | become a bat while bloodless. [Vampire growth]
  1219 | D:4      | Reached XP level 3. HP: 20/20 MP: 6/6
  1219 | D:4      | Found the +4 robe of Augmentation {Str+4 Int+4 Dex+4}
  1264 | D:4      | Reached skill level 5 in Stealth
  1264 | D:4      | Reached skill level 5 in Hexes
  1329 | D:4      | Noticed an ogre
  1338 | D:4      | Reached XP level 4. HP: 24/24 MP: 3/7
  1341 | D:4      | Mangled by an ogre

Illustrated notes

Levels and vault maps discovered:
D:1:      psy_arrival_dodecagon, layout_loops_corners
D:2:      layout_basic, hellmonk_ecumenical_altar_blasted, grunt_ministairs_6,
          chequers_serial_rivers_micro_c
D:4:      corexii_shack_village, layout_loops_cross, serial_shops,
          nicolae_shop_overgrown_old_shop, gammafunk_ghost_abyssal_escape,
          uniq_duvessa

Skill      XL: |  1  2  3 |
---------------+----------+-----
Stealth        | 5 |  5.3
Hexes          | 5 |  5.1
Fighting       | |  0.9
Short Blades   | |  1.7
Dodging        | |  2.5
Spellcasting   | |  2.3
Ice Magic      | |  0.9

Action                   |  1- 3 |  4- 6 || total
-------------------------+-------+-------++-------
Melee: Dagger            |    42 |     2 ||    44
       Bite              |     2 |     1 ||     3
       Punch             |     2 |       ||     2
 Cast: Ensorcelled Hiber |     2 |     2 ||     4
 Abil: Exsanguinate      |     1 |       ||     1
 Stab: Sleeping          |    16 |       ||    16
Armor: Robe              |     8 |       ||     8
Dodge: Dodged            |    15 |     1 ||    16

Table legend: (Time is in decaauts)
 A = Elapsed time spent in this place.
 B = Non-inter-level travel time spent in this place.
 C = Inter-level travel time spent in this place.
 D = Time resting spent in this place.
 E = Time spent auto-exploring this place.
 F = Levels seen in this place.
 G = Mean time per level.
                   A        B        C        D        E       F      G
               +--------+--------+--------+--------+--------+-----+--------+
         Total |   1336 |   1317 |     19 |    297 |    833 |   3 |  445.3 |
       Dungeon |   1336 |   1317 |     19 |    297 |    833 |   3 |  445.3 |
               +--------+--------+--------+--------+--------+-----+--------+

Top non-repeatable levels by time:
     D:1: 787 daAuts
     D:2: 422 daAuts
     D:4: 127 daAuts
